 Dungeon Crawl Stone Soup version 0.18.1-48-g4cf74bf (webtiles) character file.

89 Inkary the Shield-Bearer (level 4, -6/40 HPs)
             Began as a Minotaur Fighter on July 20, 2016.
             Mangled by an orc warrior
             ... wielding a +2 glaive of venom
              (12 damage)
             ... on level 3 of the Dungeon.
             The game lasted 00:02:16 (1609 turns).

Inkary the Shield-Bearer (Minotaur Fighter)         Turns: 1609, Time: 00:02:17

Health: -6/40      AC:  8    Str: 21    XL:     4   Next: 31%
Magic:  3/3        EV:  7    Int:  5    God:
Gold:   187        SH:  9    Dex: 10    Spells: 0 memorised, 3 levels left

rFire  . . .     SeeInvis .     a - +0 war axe
rCold  . . .     Gourm    .     b - +0 scale mail
rNeg   . . .     Faith    .     c - +0 shield
rPois  .         Spirit   .     (helmet restricted)
rElec  .         Dismiss  .     j - +0 cloak
rCorr  .         Reflect  .     (no gloves)
SustAt .         Harm     .     (no boots)
MR     .....                    (no amulet)
Stlth  ..........               (no ring)
                                (no ring)

@: lethally poisoned (-6 -> -45), invisible, not resistant to hostile
enchantments, extremely unstealthy
A: retaliatory headbutt, horns 2
a: no special abilities


You were on level 3 of the Dungeon.
You were hungry.

You visited 1 branch of the dungeon, and saw 3 of its levels.

You collected 187 gold pieces.

Inventory:

Hand Weapons
 a - a +0 war axe (weapon)
Armour
 b - a +0 scale mail (worn)
 c - a +0 shield (worn)
 j - a +0 cloak (worn)
Scrolls
 e - 2 scrolls of fear {unknown}
 k - a scroll of immolation {unknown}
 l - 2 scrolls of noise {unknown}
 m - a scroll of remove curse {unknown}
 o - 2 scrolls of identify {unknown}
 q - a scroll of teleportation {unknown}
Potions
 d - a potion of might
 i - a potion of curing {unknown}
 n - a potion of mutation {unknown}
Comestibles
 f - a bread ration
 h - 2 meat rations
 p - 6 chunks of flesh


   Skills:
 + Level 4.2 Fighting
 + Level 3.4 Axes
 + Level 4.4 Armour
 + Level 4.4 Shields


You had 3 spell levels left.
You didn't know any spells.

Dungeon Overview and Level Annotations

Branches:
Dungeon (3/15)

Altars:
Zin


Innate Abilities, Weirdness & Mutations

You reflexively headbutt those who attack you in melee.
You have a pair of horns on your head.


Message History

You are poisoned.
You hit the orc warrior but do no damage.
You headbutt the orc warrior.
The orc warrior is moderately wounded.
You feel very sick.
The orc warrior hits you with a glaive of venom!
* * * LOW HITPOINT WARNING * * *
You are more poisoned.
You are too injured to fight recklessly!
Unknown command.
You are too injured to fight recklessly!
Unknown command.
You are too injured to fight recklessly!
Drink which item? (? for menu, Esc to quit)
It was a potion of invisibility.
You fade into invisibility!
* * * LOW HITPOINT WARNING * * *
You feel very sick.
The orc warrior hits you with a glaive of venom!
You die...

P≈ ≈P≈ ≈≈≈≈P
♣P♣≈≈♣≈ #♣♣P≈≈P≈≈≈
.≈≈≈♣≈≈≈≈P≈
##≈♣≈PP≈≈≈≈≈ ♣..
##.≈♣P≈≈≈≈≈≈≈P♣≈..
#@♣≈♣≈≈≈≈≈≈≈≈≈P♣##
#o#♣♣≈≈≈≈≈≈≈≈≈≈≈♣≈.
#.#≈≈P≈≈≈≈≈≈≈≈≈♣≈≈.
#.#♣P≈≈≈≈≈≈≈≈≈≈≈≈≈.
#. ♣♣≈≈≈≈≈≈≈≈≈≈≈♣≈.
#o ♣≈≈≈≈≈≈≈≈≈≈≈♣P.
#. ♣≈≈≈≈≈≈≈≈≈≈≈≈≈.
.. ♣≈♣≈≈≈≈≈≈≈≈P≈P.
♣♣≈P≈≈≈≈≈≈≈P≈♣♣#


You could see an orc warrior and an orc wizard.

Vanquished Creatures
  An adder (D:2)
  An ooze (D:3)
  A worm (D:3)
  4 dart slugs
  2 giant geckos
  An orc (D:3)
  A giant cockroach (D:2)
  7 goblins
  9 hobgoblins
  15 jackals
  3 bats
  2 giant newts
  5 kobolds
  3 rats
55 creatures vanquished.

Notes
Turn   | Place    | Note
--------------------------------------------------------------
     0 | D:1      | Inkary the Minotaur Fighter began the quest for the Orb.
     0 | D:1      | Reached XP level 1. HP: 19/19 MP: 0/0
   158 | D:1      | Reached XP level 2. HP: 27/27 MP: 1/1
   424 | D:1      | Found a glowing silver altar of Zin.
   822 | D:1      | Reached XP level 3. HP: 33/33 MP: 2/2
  1435 | D:3      | Reached XP level 4. HP: 38/40 MP: 3/3
  1603 | D:3      | Noticed an orc warrior
  1609 | D:3      | Mangled by an orc warrior

Skill      XL: |  1  2  3 |
---------------+----------+-----
Fighting       | 4 |  4.2
Shields        | 4 |  4.4
Axes           | 3 |  3.4
Armour         | 4 |  4.4

Action                   |  1- 3 |  4- 6 || total
-------------------------+-------+-------++-------
Melee: War axe           |    92 |    42 ||   134
       Headbutt          |     9 |     7 ||    16
  Use: Potion            |       |     1 ||     1
  Eat: Chunk             |     2 |       ||     2
Armor: Scale mail        |    44 |    14 ||    58
Dodge: Dodged            |    37 |    13 ||    50
Block: Shield            |    51 |    11 ||    62
